Map: Hecate LE

Players

intense

  • Race: Zerg Zerg
  • League: Grandmaster
  • Spawn Location: 7:00

PiG - Winner!

  • Race: Terran Terran
  • League: Master
  • Spawn Location: 1:00

VOD

Have the link to the VOD?

Description

Time

  • Played on: Oct. 30, 2023, 6:27 p.m.
  • Length: 15:29
Show
View Real Time Build Order
Export as new Build Order

intense Zerg 

Build Orders: Pool First 

Get SALT Encoding   

  12  0:00  Drone  
  13  0:12  Overlord  
  13  0:16  Drone  
  14  0:30  Drone x2  
  16  0:40  Spawning Pool  
  16  0:42  Extractor  
  14  0:46  Drone  
  14  0:49  Drone  
  16  0:55  Drone  
  17  1:07  Drone  
  18  1:28  Zergling x4  
  18  1:29  Hatchery  
  19  1:41  Metabolic Boost  
  19  1:45  Queen  
  21  1:54  Overlord  
  21  1:56  Drone  
  22  2:13  Drone x2  
  24  2:24  Queen  
  24  2:26  Drone  
  27  2:43  Queen  
  27  2:44  Drone x3  
  31  2:54  Drone x4  
  35  3:07  Overlord  
  35  3:16  Hatchery  
  35  3:18  Drone  
  35  3:20  Spore Crawler  
  35  3:37  Drone x5  
  40  3:44  Queen  
  40  3:47  Overlord  
  42  3:51  Extractor, Queen  
  44  4:06  Zergling x2  
  44  4:07  Zergling x14  
  52  4:13  Overlord x2  
  51  4:32  Drone x5, Queen  
  51  4:33  Queen  
  51  4:34  Drone x2  
  51  4:35  Drone  
  63  4:41  Drone x2  
  63  4:43  Overlord  
  65  4:49  Baneling Nest  
  64  4:56  Spore Crawler  
  64  4:58  Spore Crawler  
  64  4:59  Zergling x4  
  65  5:00  Zergling x6, Spore Crawler  
  66  5:12  Zergling x6  
  66  5:13  Zergling x6  
  60  5:21  Zergling x4  
  60  5:22  Zergling x8  
  61  5:28  Drone  
  62  5:37  Zergling x6  
  65  5:43  Zergling x6  
  65  5:44  Baneling x6  
  65  5:45  Baneling x2  
  65  5:47  Zergling x8  
  72  5:58  Zergling x4  
  72  6:00  Overlord x2  
  68  6:14  Zergling x10  
  68  6:15  Zergling x4  
  71  6:21  Baneling x3  
  64  6:27  Zergling x8  
  50  6:42  Zergling x10  
  54  6:48  Drone  
  55  6:58  Drone x3  
  58  7:03  Lair  
  58  7:05  Drone  
  58  7:06  Drone  
  58  7:07  Roach Warren  
  58  7:17  Drone x4  
  62  7:27  Drone x4  
  62  7:29  Drone  
  67  7:44  Drone x3  
  67  7:45  Drone x6  
  67  7:48  Drone x2  
  67  7:50  Extractor, Drone  
  78  7:54  Extractor  
  77  7:59  Drone  
  77  8:01  Glial Reconstitution  
  71  8:21  Drone x2  
  71  8:22  Drone x3  
  71  8:25  Extractor  
  71  8:26  Extractor  
  74  8:32  Drone x3  
  74  8:33  Drone x3  
  79  8:34  Drone x3  
  79  8:35  Overlord  
  79  8:36  Overlord x2  
  82  8:44  Baneling x3  
  82  8:45  Baneling x2  
  82  8:52  Hatchery  
  81  8:57  Roach x6  
  81  9:01  Zergling x10  
  98  9:04  Roach  
  98  9:05  Roach  
  98  9:06  Zergling x2  
  98  9:07  Overlord  
  98  9:08  Overlord  
  101  9:26  Roach x2  
  101  9:27  Roach x2  
  107  9:33  Roach x2  
  107  9:34  Zergling x2, Roach  
  114  9:39  Extractor  
  110  9:49  Roach x3  
  113  10:04  Roach x2  
  113  10:05  Roach  
  113  10:06  Overlord x3  
  119  10:14  Overlord x3  
  119  10:27  Roach x8  
  119  10:28  Roach x4  
  137  10:39  Zergling x12, Roach x3  
  137  10:56  Zergling x2, Roach x3  
  137  10:57  Zergling x6  
  124  10:59  Queen  
  121  11:10  Roach x4  
  121  11:11  Zergling x8  
  118  11:29  Roach x3  
  118  11:30  Zergling x14, Roach  
  111  11:44  Roach x5  
  111  11:45  Roach x2  
  119  11:48  Queen  
  111  12:02  Roach x9  
  124  12:15  Roach x5  
  113  12:21  Drone x3  
  108  12:33  Roach x8  
  116  12:39  Drone x2  
  116  12:43  Spore Crawler  
  113  12:50  Roach x3  
  113  12:51  Roach x6  
  125  13:03  Roach x6  
  125  13:04  Zergling x8  
  139  13:16  Roach x4  
  139  13:17  Roach  
  115  13:36  Roach x7  
  115  13:37  Zergling x2, Roach x4  
  128  13:44  Roach  
  128  13:48  Drone x3, Evolution Chamber  
  132  13:50  Evolution Chamber  
  120  14:10  Roach x9  
  128  14:27  Roach x6  
  128  14:28  Roach x6  
  152  14:37  Drone x3  
  139  14:43  Drone x2  
  132  14:51  Ravager  
  132  14:52  Ravager x2  
  135  14:54  Ravager x4  
  135  14:59  Zergling x8  
  145  15:00  Zergling x10  
  145  15:07  Zergling x10  
  150  15:12  Zergling x4  
Show
View Real Time Build Order
Export as new Build Order

PiG Terran - Winner!

Build Orders: Liberator Opening, Reaper Expand 

Get SALT Encoding   

  12  0:00  SCV  
  13  0:12  SCV  
  14  0:17  Supply Depot  
  14  0:24  SCV  
  15  0:38  SCV  
  15  0:41  Barracks  
  16  0:44  Refinery  
  16  0:50  SCV  
  17  1:03  SCV  
  18  1:16  SCV  
  19  1:28  Orbital Command, Reaper  
  20  1:43  Command Center  
  20  1:54  Supply Depot  
  20  1:55  SCV  
  21  2:02  Marine  
  22  2:09  SCV  
  22  2:12  Factory  
  22  2:21  Barracks Reactor  
  22  2:22  SCV  
  23  2:27  Refinery  
  23  2:37  Bunker, SCV  
  24  2:49  SCV  
  25  2:59  Starport  
  25  3:00  Orbital Command  
  25  3:02  SCV  
  26  3:07  Hellion x2  
  30  3:13  Marine  
  30  3:15  SCV  
  32  3:23  Orbital Command  
  32  3:28  SCV  
  33  3:35  Hellion x2  
  33  3:40  Liberator, SCV  
  40  3:50  SCV  
  40  3:51  Barracks Tech Lab  
  40  3:52  SCV  
  42  3:59  Supply Depot  
  42  4:01  Hellion x2  
  46  4:15  Supply Depot  
  46  4:21  SCV x2  
  48  4:33  SCV x2  
  48  4:36  Viking  
  48  4:38  Hellion x2  
  56  4:44  Factory x2  
  56  4:45  SCV x2  
  58  4:57  SCV x2  
  58  4:59  Command Center  
  60  5:09  SCV x2  
  62  5:24  Hellion x2, SCV  
  62  5:26  SCV  
  53  5:36  Factory Tech Lab, SCV  
  53  5:37  Cyclone  
  53  5:38  Infernal Pre-Igniter  
  53  5:40  Liberator  
  59  5:44  Barracks Reactor  
  59  5:45  SCV  
  59  5:46  Factory  
  59  5:47  Refinery  
  59  5:48  Refinery  
  60  5:56  Engineering Bay  
  58  5:58  Supply Depot, Engineering Bay  
  58  6:00  Hellion x2  
  58  6:01  Hellion  
  62  6:06  Supply Depot  
  61  6:14  SCV x2  
  63  6:24  Hellion  
  65  6:26  SCV x2  
  66  6:36  Hellion, Cyclone  
  66  6:50  SCV  
  66  6:51  Supply Depot  
  66  6:52  SCV  
  68  6:57  Command Center  
  68  7:01  Factory  
  68  7:02  Liberator, SCV  
  68  7:05  Orbital Command  
  68  7:06  SCV  
  73  7:15  SCV  
  74  7:26  Hellion x2, Supply Depot x2  
  78  7:34  Factory Tech Lab, SCV  
  79  7:38  Orbital Command  
  79  7:40  SCV  
  78  7:46  Supply Depot  
  78  7:47  SCV  
  78  7:48  Supply Depot  
  78  7:50  Cyclone, Hellion x3  
  87  7:52  SCV  
  87  7:58  Armory, Supply Depot  
  88  7:59  Armory  
  88  8:00  SCV, Engineering Bay  
  88  8:03  SCV  
  88  8:04  SCV  
  91  8:08  Hellion  
  91  8:10  SCV  
  92  8:24  SCV x2  
  93  8:28  Refinery  
  93  8:29  SCV  
  93  8:31  Orbital Command  
  93  8:33  Refinery  
  94  8:36  SCV  
  95  8:46  SCV  
  95  8:48  Cyclone x2, Hellion x2, Supply Depot  
  100  8:51  Supply Depot  
  104  9:09  Siege Tank x2, Liberator  
  110  9:14  Terran Vehicle Weapons Level 1, Terran Vehicle And Ship Armor Level 1  
  110  9:15  SCV x3  
  116  9:17  Factory, Supply Depot  
  116  9:18  Factory  
  116  9:19  Supply Depot  
  116  9:21  Supply Depot  
  116  9:23  Supply Depot  
  118  9:24  Hellion x2  
  117  9:34  SCV x3  
  117  9:35  SCV  
  117  9:36  Siege Tank  
  121  9:41  Siege Tank  
  118  9:56  Thor  
  118  9:59  Hellion x2  
  128  10:08  Siege Tank, Hellion x2  
  128  10:09  Factory Tech Lab x2  
  128  10:13  Thor  
  141  10:20  Hellion  
  143  10:24  Refinery  
  143  10:30  Command Center  
  140  10:36  Orbital Command  
  140  10:37  Refinery  
  140  10:39  Siege Tank  
  140  10:42  Liberator  
  146  10:43  Thor x2  
  146  10:44  Hellion x2  
  152  10:54  Hellion  
  152  10:55  Hellion  
  137  10:59  Siege Tank  
  121  11:08  Terran Vehicle Weapons Level 2, Terran Vehicle And Ship Armor Level 2  
  121  11:11  Supply Depot  
  121  11:14  Supply Depot  
  121  11:22  Siege Tank  
  121  11:24  Siege Tank, Hellion  
  117  11:26  Siege Tank  
  117  11:27  Hellion  
  104  11:36  Siege Tank  
  104  11:37  Siege Tank, Hellion  
  104  11:45  SCV x3  
  103  11:49  Planetary Fortress  
  103  11:52  Orbital Command  
  97  11:54  Siege Tank  
  97  12:03  SCV x3  
  92  12:11  Cyclone x2, Hellion x2  
  92  12:15  Hellion  
  93  12:17  SCV x3  
  93  12:22  Hellion  
  98  12:29  SCV  
  93  12:35  SCV x3  
  95  12:41  SCV  
  96  12:46  SCV  
  96  12:47  SCV x2  
  96  12:48  SCV  
  100  13:01  Siege Tank  
  100  13:04  Hellion x2, Cyclone x3  
  100  13:05  Siege Tank x2  
  119  13:06  Hellion  
  119  13:14  SCV x2  
  119  13:19  Orbital Command  
  113  13:25  Hellion x2  
  112  13:27  Siege Tank  
  112  13:34  Siege Tank  
  109  13:36  Siege Tank, Hellion x2  
  109  13:37  Siege Tank  
  109  13:38  Hellion, Hurricane Engines  
  120  13:46  Cyclone  
  119  14:05  Refinery  
  119  14:07  Orbital Command  
  118  14:17  Hellion  
  118  14:18  Hellion, Cyclone x2  
  118  14:20  SCV x2  
  128  14:30  Thor  
  128  14:31  Hellion  
  128  14:47  SCV x2  
  128  14:48  Refinery  
  128  14:49  Refinery  
  130  15:02  Command Center  
  130  15:08  Supply Depot  
Tags
 
Add a new tag
Caveats
  • Supply blocks, unpowered buildings, or Contaminate may cause inaccurate times.
  • Supply counts are checked every 10 seconds.